 Dungeon Crawl Stone Soup version bcrawl-1.27.5 (webtiles) character file.

Game seed: 17856375378982941664

381590 Faustar the Geomancer (level 12, 0/107 HPs)
             Began as a Sand Dwarf Earth Elementalist on Aug 13, 2020.
             Was a High Priest of Cheibriados.
             Slain by a death yak (10 damage)
             ... on level 5 of the Lair of Beasts.
             The game lasted 01:04:35 (14612 turns).

Faustar the Geomancer (SDEE)                       Turns: 14612, Time: 01:04:36

Health: 0/107      AC: 17    Str: 22    XL:     12   Next: 96%
Magic:  5/26       EV: 10    Int: 31    God:    Cheibriados [*****.]
Gold:   986        SH: 11    Dex: 27    Spells: 20/31 levels left

rFire    + . .     SeeInvis +   B - +3 whip (freeze)
rCold    + . .     Gourm    .   s - +0 buckler
rNeg     + . .     Faith    .   O - +1 chain mail
rPois    +         Spirit   .   (no helmet)
rElec    +         Reflect  +   j - +0 cloak
rCorr    +         Harm     .   r - +0 pair of gloves
MR       +....                  y - +0 pair of boots
Stlth    ..........             N - +2 amulet of reflection
HPRegen  0.27/turn              E - ring of Toman {Fire rElec}
MPRegen  0.20/turn              Q - ring of the Seven Stories {Ice rN+ Str-5 Dex+3 SInv}

@: silence (expiring), resistant, very slow
A: small, talons 1, slowness 1, weak 1, evolution 1, armour attunement
a: Renounce Religion


You were on level 5 of the Lair of Beasts.
You worshipped Cheibriados.
Cheibriados was extremely pleased with you.
You were not hungry.

You visited 3 branches of the dungeon, and saw 14 of its levels.

You collected 986 gold pieces.

Inventory:

Hand Weapons
 c - a +2 dagger of venom
 o - the cursed +0 trident of the Ship {speed, *Rage rC+ Int+2 SInv, unknown}
   (You found it on level 4 of the Lair of Beasts)

   Attacks with this weapon are significantly faster.
   It affects your intelligence (+2).
   It protects you from cold.
   It lets you see invisible.
   It may make you go berserk in combat.
   It has a curse placed upon it.
   Cheibriados disapproves of the use of such an item.
 B - a +3 whip of freezing (weapon)
Missiles
 b - 1110 stones (quivered)
Armour
 j - a +0 cloak (worn)
 r - a +0 pair of gloves (worn)
 s - a +0 buckler (worn)
 x - the +1 leather armour "Ceuny" {Str+4}
   (You found it on level 4 of the Dungeon)

   It affects your strength (+4).
 y - a +0 pair of boots (worn)
 z - a +0 plate armour
 F - a +2 leather armour of poison resistance
 O - a +1 chain mail (worn)
Jewellery
 w - an uncursed amulet of the acrobat
 A - an uncursed ring of see invisible
 C - an uncursed ring of insulation
 E - the ring of Toman (left hand) {Fire rElec}
   (You found it on level 1 of the Lair of Beasts)

   [ring of fire]

   It enhances your fire magic.
   It protects you from fire.
   It makes you vulnerable to cold.
   It insulates you from electricity.
 L - a +1 ring of evasion
 N - a +2 amulet of reflection (around neck)
 Q - the ring of the Seven Stories (right hand) {Ice rN+ Str-5 Dex+3 SInv}
   (You found it on level 4 of the Lair of Beasts)

   [ring of ice]

   It enhances your ice magic.
   It affects your strength (-5).
   It affects your dexterity (+3).
   It makes you vulnerable to fire.
   It protects you from cold.
   It protects you from negative energy.
   It lets you see invisible.
Wands
 a - a wand of flame (15)
 f - a wand of random effects (16)
 i - a wand of iceblast (2)
 l - a wand of paralysis (4)
 q - a wand of digging (6)
 T - a wand of polymorph (10)
Scrolls
 h - 2 scrolls of fog
 k - 7 scrolls of remove curse
 m - 2 scrolls of vulnerability {unknown}
 n - 3 scrolls of magic mapping
 J - a scroll of summoning
 K - a scroll of immolation
 M - a scroll of enchant armour
 P - a scroll of amnesia {unknown}
 R - a scroll of teleportation
Potions
 d - 3 potions of mutation
 g - a potion of heal wounds
 p - 3 potions of agility
 t - a potion of berserk rage
 u - 2 potions of flight
 v - 6 potions of curing
 D - 2 potions of might
 G - a potion of resistance
 H - a potion of magic
Miscellaneous
 U - a sack of spiders
Comestibles
 e - 11 rations {!d}


   Skills:
 - Level 10.3 Fighting
 - Level 10.1 Armour
 - Level 1.5 Dodging
 - Level 1.5 Stealth
 - Level 4.0 Shields
 - Level 10.0 Spellcasting
 - Level 5.0 Conjurations
 - Level 0.7 Transmutations
 - Level 11.0 Earth Magic
 + Level 6.5 Invocations


You had 20 spell levels left.
You knew the following spells:

 Your Spells              Type           Power        Failure   Level  Hunger
a - Sandblast             Erth           ######       1%          1    None
b - Stone Arrow           Conj/Erth      ######       1%          3    None
c - Lee's Rapid Deconstr  Erth           ######....   2%          5    ####...
d - Passwall              Tmut/Erth      ######..     1%          2    None

Your spell library contained the following spells:

 Spells                   Type           Power        Failure   Level  Hunger
 Magic Dart               Conj           ####         1%          1    None
 Shock                    Conj/Air       ####.        3%          1    None
 Petrify                  Tmut/Erth      ######....   8%          4    #......
 Corona                   Hex            ###....      9%          1    None
 Conjure Flame            Conj/Fire      #####...     9%          3    None
 Blink                    Tloc           N/A          13%         2    None
 Call Imp                 Summ           ###...       13%         2    None
 Shackle                  Hex            ###.....     13%         2    None
 Swiftness                Chrm/Air       ###.....     13%         2    None
 Mephitic Cloud           Conj/Pois/Air  ####....     13%         3    None
 Spider Form              Tmut/Pois      ###          22%         3    None
 False Image              Hex/Summ       ###.....     26%         3    None
 Inner Flame              Hex/Fire       N/A          26%         3    None
 Recall                   Summ/Tloc      N/A          26%         3    None
 Static Discharge         Air            ###.....     26%         3    None
 Yara's Violent Unravell  Hex/Tmut       ###.......   58%         4    #......
 Airstrike                Air            ###.......   63%         4    #......
 Cause Fear               Hex            ###.......   63%         4    #......
 Lightning Bolt           Conj/Air       ####......   63%         5    ####...
 Aura of Abjuration       Summ           ###.......   93%         5    ####...
 Summon Demon             Summ           ###.......   93%         5    ####...
 Summon Forest            Summ/Tloc      ###.......   93%         5    ####...
 Summon Mana Viper        Hex/Summ       ###.....     93%         5    ####...
 Shadow Creatures         Summ           N/A          100%        6    #####..


Dungeon Overview and Level Annotations

Branches:
Dungeon (8/12)             Temple (1/1) D:6            Lair (5/6) D:7
  Swamp (0/3) Lair:3       Spider (0/3) Lair:4          Orc (0/1) D:8
  Slime: Lair:5-6

Altars:
Ashenzari
Cheibriados
Dithmenos
Elyvilon
Fedhas
Gozag
Hepliaklqana
Kikubaaqudgha
Lugonu
Makhleb
Nemelex Xobeh
Okawaru
Qazlal
Ru
Sif Muna
Trog
Uskayaw
Vehumet
Wu Jian
Xom
Yredelemnul
Zin
The Shining One

Shops:
D:5 [

Annotations:
D:5 Ijyb
D:6 2 transporters
Lair:4 1 runed translucent door, yrara's ghost, journeyman DsFi


Innate Abilities, Weirdness & Mutations

You are small and have problems with some larger weapons.
You cover ground slowly.
Armour does not affect your spellcasting.
You have sharp toenails.
You are weak. (Str -2)
You evolve.


Message History

Press: ? - help, Shift-Dir - straight line, f - death yak, p - death yak
Aim: a death yak (silenced, chance to defeat MR: 1%)
The death yak resists with almost no effort.
You block the cane toad's attack. The cane toad hits you!
* * * LOW HITPOINT WARNING * * *
The death yak gores you!
* * * LOW HITPOINT WARNING * * *
You block the death yak's attack. The cane toad hits you.
* * * LOW HITPOINT WARNING * * *
Okay, then.
Unknown command.
You block the cane toad's attack. The death yak closely misses you.
The death yak gores you but does no damage.
The death yak gores you!
* * * LOW HITPOINT WARNING * * *
The death yak gores the plant!
You block the death yak's attack.
The death yak gores the plant.
The death yak gores you!
You die...

......##........
.#....##.....P...#......
##...###......#..#......
.....##†.P...#.........P
8...#.#÷#P.#............
....÷..÷...............P
..8.........P...........
....#.........F.........
8...#.....P...Y.@.......
.....##......YPYY.......
.#......#.....YY...##..P
.##.....#+...........# P
# ##..8....##.......## #
###...+.##......#.# #
#.##Y###.......... ##.
#..YY# #.......... †..
###.P# ..........


You could see 5 death yaks, a yak and a cane toad.

Vanquished Creatures
  A two-headed ogre (D:7)
  4 death yaks (D:7)
  An unseen horror (D:7)
  Pikel (Temple)
  A torpor snail (Lair:2)
  An ice statue (Lair:2)
  A black mamba (Lair:5)
  Joseph (D:7)
  3 cane toads
  A rime drake (Lair:4)
  4 komodo dragons
  A freezing wraith (Lair:2)
  A jumping spider (Lair:4)
  A troll (D:7)
  A polar bear (Lair:2)
  10 blink frogs
  3 hippogriffs
  2 wyverns
  A redback (Lair:4)
  16 yaks
  Eustachio (D:6)
  A hungry ghost (D:6)
  3 basilisks (Lair:2)
  A steam dragon (Lair:4)
  2 wargs (Lair:3)
  3 crocodiles
  3 swamp worms (Lair:3)
  An acid dragon (Lair:4)
  2 porcupines
  Duvessa (D:7)
  A swamp drake (Lair:4)
  8 ice beasts
  An orc warrior (D:7)
  3 water moccasins
  4 sky beasts
  A slave (D:6)
  24 wolves
  3 phantoms
  3 centaurs
  An ogre (D:6)
  5 bullfrogs
  Blork the orc (D:5)
  A gnoll sergeant (D:5)
  Dowan (D:7)
  7 killer bees
  4 howler monkeys (D:8)
  7 crimson imps
  5 hounds
  5 orc wizards
  A bullfrog skeleton (D:4)
  4 orc priests
  2 centaur skeletons
  An iguana (D:7)
  7 worker ants
  A hound zombie (D:4)
  A hound skeleton (D:4)
  A worker ant zombie (D:4)
  A howler monkey skeleton (D:4)
  11 adders
  6 gnolls
  3 river rats (D:4)
  3 shadow imps
  A white imp (Lair:2)
  2 oozes
  An adder skeleton (D:6)
  4 worms
  3 dart slugs
  4 leopard geckos
  24 orcs
  3 giant cockroaches
  7 goblins
  4 hobgoblins
  3 jackals
  5 quokkas
  5 ball pythons
  5 bats
  5 frilled lizards
  11 kobolds
  9 rats
296 creatures vanquished.

Vanquished Creatures (others)
  4 fungi
  4 plants
8 creatures vanquished.

Grand Total: 304 creatures vanquished

Notes
Turn   | Place    | Note
-------+----------+-------------------------------------------
     0 | D:1      | Faustar the Sand Dwarf Earth Elementalist began the quest
                  | for the Orb.
     0 | D:1      | Reached XP level 1. HP: 14/14 MP: 3/3
    50 | D:1      | Reached skill level 1 in Fighting
   260 | D:1      | Reached XP level 2. HP: 22/24 MP: 0/5
   563 | D:1      | Reached skill level 1 in Armour
   856 | D:2      | Reached XP level 3. HP: 30/30 MP: 6/6
  1308 | D:3      | Reached XP level 4. HP: 40/40 MP: 2/7
  1313 | D:3      | Learned a level 3 spell: Stone Arrow
  1564 | D:3      | Reached XP level 5. HP: 42/46 MP: 6/8
  1923 | D:3      | Reached skill level 4 in Earth Magic
  2325 | D:4      | Got a scorched leather armour
  2346 | D:4      | Reached skill level 1 in Conjurations
  2346 | D:4      | Reached XP level 6. HP: 53/53 MP: 3/9
  2431 | D:4      | Noticed a phantom
  2475 | D:4      | Killed a phantom
  2475 | D:4      | Reached skill level 5 in Earth Magic
  2581 | D:4      | Reached XP level 7. HP: 48/60 MP: 7/10
  3104 | D:4      | Reached skill level 6 in Earth Magic
  3340 | D:4      | Identified the +1 leather armour "Ceuny" {Str+4} (You found
                  | it on level 4 of the Dungeon)
  3594 | D:4      | Reached skill level 5 in Armour
  3718 | D:5      | Entered Level 5 of the Dungeon
  3718 | D:5      | Found Ikhilapeu's Armour Shoppe.
  3880 | D:5      | Reached XP level 8. HP: 51/67 MP: 2/11
  4081 | D:5      | Found a white marble altar of Elyvilon.
  4190 | D:5      | Noticed Ijyb
  4427 | D:5      | Noticed Blork the orc
  4741 | D:5      | Killed Blork the orc
  5224 | D:6      | Found a transporter.
  5255 | D:6      | Reached XP level 9. HP: 30/72 MP: 0/14
  5433 | D:6      | Reached skill level 7 in Earth Magic
  5476 | D:6      | Found a transporter.
  5492 | D:6      | Found a staircase to the Ecumenical Temple.
  5513 | Temple   | Entered the Ecumenical Temple
  5817 | Temple   | Became a worshipper of Cheibriados the Contemplative
  6019 | D:6      | Found a hide-covered altar of Uskayaw.
  6164 | D:6      | Reached skill level 1 in Shields
  6227 | D:6      | Noticed Eustachio
  6254 | D:6      | Killed Eustachio
  6477 | D:6      | Found a sparkling altar of Nemelex Xobeh.
  6477 | D:6      | Found a shimmering blue altar of Sif Muna.
  6528 | D:6      | Noticed Pikel
  6561 | Temple   | Killed Pikel
  6561 | Temple   | Reached skill level 5 in Spellcasting
  6561 | Temple   | Reached skill level 5 in Conjurations
  6714 | D:7      | Noticed a two-headed ogre
  6792 | D:6      | Reached * piety under Cheibriados
  6841 | D:7      | Killed a two-headed ogre
  6841 | D:7      | Reached XP level 10. HP: 34/80 MP: 5/17
  7106 | D:7      | Reached skill level 10 in Armour
  7148 | D:7      | Learned a level 5 spell: Lee's Rapid Deconstruction
  7256 | D:7      | Found a corrupted altar of Lugonu.
  7729 | D:7      | Noticed Joseph
  7735 | D:7      | Killed Joseph
  7735 | D:7      | Reached ** piety under Cheibriados
  7773 | D:7      | Reached skill level 8 in Earth Magic
  7786 | D:7      | Noticed a death yak
  7786 | D:7      | Noticed a death yak
  7786 | D:7      | Noticed a death yak
  7786 | D:7      | Noticed a death yak
  7786 | D:7      | Noticed a death yak
  7834 | D:7      | Learned a level 2 spell: Passwall
  7922 | D:8      | Noticed an orc knight
  8032 | D:8      | Found a staircase to the Orcish Mines.
  8032 | D:8      | Noticed a two-headed ogre
  8032 | D:8      | Noticed an orc knight
  8032 | D:8      | Noticed an orc knight
  8289 | D:7      | Noticed an unseen horror
  8330 | D:7      | Noticed Duvessa
  8343 | D:7      | Was placed under penance by Cheibriados
  8380 | D:7      | Killed a death yak
  8380 | D:7      | Reached skill level 9 in Earth Magic
  8523 | D:7      | Noticed Dowan
  8622 | D:7      | Killed Duvessa
  8625 | D:7      | Killed Dowan
  8625 | D:7      | Was forgiven by Cheibriados
  8748 | D:7      | Killed an unseen horror
  8748 | D:7      | Reached XP level 11. HP: 67/85 MP: 9/21
  8813 | D:7      | Found a staircase to the Lair.
  8843 | D:7      | Killed a death yak
  8843 | D:7      | Reached skill level 10 in Earth Magic
  8941 | D:7      | Killed a death yak
  8954 | D:7      | Killed a death yak
  9086 | Lair:1   | Entered Level 1 of the Lair of Beasts
  9693 | Lair:1   | Got a warped turquoise ring
 10244 | Lair:2   | Reached skill level 11 in Earth Magic
 10308 | Lair:2   | Found a gate leading to a gauntlet.
 10322 | Lair:1   | Reached *** piety under Cheibriados
 10803 | Lair:2   | Reached skill level 5 in Fighting
 11019 | Lair:2   | Reached skill level 10 in Spellcasting
 11019 | Lair:2   | Reached XP level 12. HP: 92/96 MP: 8/26
 11109 | Lair:2   | Reached **** piety under Cheibriados
 12061 | Lair:3   | Found a staircase to the Swamp.
 12285 | Lair:3   | Reached ***** piety under Cheibriados
 12302 | Lair:3   | Reached skill level 10 in Fighting
 12625 | Lair:3   | Identified the ring of Toman {Fire rElec} (You found it on
                  | level 1 of the Lair of Beasts)
 13441 | Lair:4   | Reached skill level 1 in Invocations
 13837 | Lair:4   | Got a scorched trident
 13864 | Lair:4   | Got an ancient lead ring
 13866 | Lair:4   | Identified the ring of the Seven Stories {Ice rN+ Str-5
                  | Dex+3 SInv} (You found it on level 4 of the Lair of Beasts)
 13909 | Lair:4   | Found a hole to the Spider Nest.
 13976 | Lair:4   | Found a runed translucent door.
 13979 | Lair:4   | Noticed yrara's ghost (journeyman DsFi)
 13979 | Lair:4   | Identified the +11 trident of the Singing Traitor {freeze,
                  | rElec rF+ rC+ MR++}
 13979 | Lair:4   | Noticed a spriggan rider
 14243 | Lair:5   | Noticed a death yak
 14246 | Lair:5   | Noticed a death yak
 14260 | Lair:4   | Reached skill level 5 in Invocations
 14593 | Lair:5   | Noticed a death yak
 14595 | Lair:5   | Noticed a death yak
 14595 | Lair:5   | Noticed a death yak
 14600 | Lair:5   | Noticed a death yak
 14607 | Lair:5   | Gained mutation: You have sharp toenails. [potion of
                  | mutation]
 14607 | Lair:5   | Gained mutation: You are weak. (Str -2) [potion of
                  | mutation]
 14607 | Lair:5   | Gained mutation: You evolve. [potion of mutation]
 14612 | Lair:5   | Slain by a death yak

Skill      XL: |  1  2  3  4  5  6  7  8  9 10 11 12 |
---------------+-------------------------------------+-----
Fighting       | 2 3 4 6 10 | 10.3
Armour         | 1 2 3 4 5 6 9 10 | 10.1
Earth Magic    | 4 5 6 7 9 11 | 11.0
Conjurations   | 1 3 4 5 |  5.0
Spellcasting   | 3 5 7 10 | 10.0
Shields        | 4 |  4.0
Invocations    | 6 |  6.5
Dodging        | |  1.5
Stealth        | |  1.5
Transmutations | |  0.7

Action                   |  1- 3 |  4- 6 |  7- 9 | 10-12 || total
-------------------------+-------+-------+-------+-------++-------
Melee: Short sword       |   133 |   133 |   351 |       ||   617
       Dagger            |       |       |    93 |   309 ||   402
       Whip              |       |       |       |    37 ||    37
 Cast: Sandblast         |    15 |    46 |    15 |    78 ||   154
       Stone Arrow       |       |     4 |    69 |   127 ||   200
       Lee's Rapid Decon |       |       |       |    48 ||    48
Evoke: Wand              |       |       |    20 |     6 ||    26
  Use: Scroll            |       |     5 |     7 |    13 ||    25
       Potion            |       |       |     2 |     5 ||     7
 Stab: Sleeping          |     1 |       |     1 |       ||     2
  Eat: Chunk             |     6 |     9 |    38 |    28 ||    81
       Ration            |       |       |     1 |     3 ||     4
Armor: Robe              |    10 |       |       |       ||    10
       Leather armour    |    10 |       |   108 |    83 ||   201
       Chain mail        |    29 |    60 |    46 |    33 ||   168
       Skin              |       |       |       |    12 ||    12
Dodge: Dodged            |    95 |    51 |   223 |   336 ||   705
Block: Buckler           |       |       |    59 |   234 ||   293
